Map: Ever Dream LE

Players

Silky - Winner!

  • Race: Zerg Zerg
  • Spawn Location: 1:00

Future

  • Race: Terran Terran
  • Spawn Location: 7:00

Event: The Miserable Cup

VOD

Have the link to the VOD?

Description

Time

  • Played on: June 21, 2020, 1:44 p.m.
  • Length: 8:11

All games in this series

Show
View Real Time Build Order
Export as new Build Order

Silky Zerg - Winner!

Build Orders: Hatch First 

Get SALT Encoding   

  12  0:00  Drone  
  13  0:12  Overlord  
  13  0:16  Drone  
  14  0:30  Drone x2  
  16  0:47  Hatchery  
  15  0:52  Drone  
  15  0:54  Drone  
  17  0:57  Drone  
  18  1:08  Extractor  
  17  1:13  Spawning Pool  
  17  1:15  Drone  
  17  1:18  Drone  
  18  1:27  Drone  
  19  1:38  Drone  
  20  1:48  Overlord  
  20  2:00  Queen x2  
  20  2:01  Zergling x4  
  26  2:11  Drone x2, Metabolic Boost  
  28  2:28  Hatchery  
  27  2:30  Drone  
  27  2:32  Drone  
  27  2:34  Drone  
  30  2:42  Overlord  
  30  2:43  Drone  
  31  2:50  Queen  
  33  2:51  Drone  
  33  2:54  Drone  
  33  2:56  Drone  
  36  3:03  Overlord  
  36  3:05  Drone  
  37  3:10  Drone x2  
  37  3:11  Drone  
  40  3:16  Drone  
  41  3:22  Drone  
  41  3:26  Zergling x2, Queen  
  45  3:30  Drone  
  46  3:40  Queen, Drone x3  
  51  3:42  Overlord  
  51  3:44  Drone x2  
  53  3:49  Drone x4  
  53  3:53  Drone  
  58  3:58  Overlord  
  58  4:04  Drone x3  
  58  4:06  Lair  
  60  4:10  Drone  
  60  4:14  Drone x2, Extractor  
  62  4:19  Queen  
  62  4:21  Overlord  
  62  4:23  Overlord  
  65  4:24  Drone  
  65  4:31  Overlord  
  65  4:36  Drone  
  66  4:39  Queen  
  66  4:41  Overlord, Drone x4  
  66  4:42  Zergling x4  
  66  4:44  Zergling x2  
  75  4:50  Overlord  
  75  4:51  Zergling x4  
  75  4:52  Zergling x2, Overlord  
  77  4:55  Queen  
  77  4:58  Zergling x2  
  77  4:59  Hatchery  
  79  5:00  Zergling x2  
  80  5:08  Zergling x6  
  80  5:09  Zergling x10, Baneling Nest  
  87  5:16  Overlord  
  87  5:18  Queen  
  90  5:21  Zergling x4  
  90  5:22  Evolution Chamber  
  89  5:30  Overlord  
  89  5:31  Zergling x8  
  89  5:34  Queen  
  95  5:37  Zergling x8  
  95  5:41  Queen  
  101  5:43  Zergling x4  
  101  5:46  Overlord  
  101  5:49  Zerg Ground Armor Level 1  
  103  5:51  Centrifical Hooks  
  103  5:53  Baneling x3  
  103  5:54  Queen  
  103  5:55  Zergling x4  
  107  5:58  Overlord  
  107  6:03  Drone x3  
  107  6:10  Zergling x10  
  112  6:13  Queen  
  114  6:20  Overlord x2  
  108  6:28  Zergling x2  
  108  6:29  Zergling x12  
  115  6:34  Baneling x6  
  115  6:38  Zergling x6  
  117  6:42  Zergling x4  
  117  6:44  Baneling x9  
  117  6:45  Zergling x2  
  117  6:46  Zergling x10  
  125  6:49  Queen  
  125  6:50  Zergling x4  
  125  6:52  Overlord  
  129  6:55  Zergling x2  
  129  6:58  Zergling x2  
  130  7:03  Zergling x2  
  130  7:04  Zergling x2  
  130  7:07  Overlord  
  132  7:08  Zergling x4  
  132  7:09  Zergling x4  
  132  7:10  Queen  
  132  7:12  Zergling x8  
  142  7:16  Baneling x7  
  142  7:17  Baneling x2  
  142  7:20  Queen  
  142  7:21  Overlord  
  142  7:22  Zergling x2  
  145  7:23  Zergling x4  
  145  7:28  Zergling x4  
  145  7:29  Zergling x6  
  143  7:48  Zergling x2  
  143  7:49  Zergling x12  
  127  7:51  Baneling x3  
Show
View Real Time Build Order
Export as new Build Order

Future Terran 

Build Orders: Reaper Expand 

Get SALT Encoding   

  12  0:00  SCV  
  13  0:13  SCV  
  14  0:16  Supply Depot  
  14  0:25  SCV  
  15  0:38  SCV  
  15  0:39  Barracks  
  16  0:43  Refinery  
  16  0:50  SCV  
  17  1:02  SCV  
  18  1:14  SCV  
  19  1:26  Reaper, Orbital Command  
  19  1:30  Orbital Command  
  20  1:39  Command Center  
  20  1:54  Supply Depot  
  20  1:56  SCV  
  20  1:58  Marine  
  22  2:06  Factory  
  22  2:08  SCV  
  23  2:12  Refinery  
  23  2:20  SCV  
  23  2:21  Barracks Reactor  
  24  2:32  SCV  
  25  2:44  SCV  
  26  2:51  Orbital Command  
  26  2:52  Starport  
  26  2:56  SCV  
  27  3:01  Hellion x2  
  27  3:03  Barracks Tech Lab  
  31  3:08  SCV  
  32  3:18  SCV  
  33  3:20  SCV  
  33  3:26  Stimpack, Barracks  
  34  3:27  Barracks  
  34  3:30  SCV  
  34  3:32  SCV  
  36  3:35  Factory Reactor, Marine  
  36  3:39  Viking  
  39  3:43  SCV  
  39  3:45  SCV  
  41  3:49  Supply Depot  
  41  3:55  SCV  
  42  3:57  SCV  
  42  4:00  Marine  
  42  4:01  Engineering Bay  
  44  4:07  SCV  
  44  4:09  SCV  
  46  4:14  Starport Reactor  
  46  4:17  Refinery  
  46  4:18  Supply Depot  
  46  4:19  SCV, Marine x3  
  46  4:20  Factory Tech Lab  
  46  4:21  SCV  
  46  4:22  Marine x2  
  53  4:28  Terran Infantry Weapons Level 1  
  53  4:29  Supply Depot  
  54  4:31  SCV  
  54  4:39  SCV  
  54  4:40  Marine x2  
  54  4:41  Supply Depot, Marine x3  
  54  4:44  SCV  
  61  4:50  Medivac x2  
  61  4:51  SCV  
  66  4:56  SCV, Supply Depot  
  66  4:59  Marine  
  67  5:00  Marine x2  
  67  5:02  Marine x2  
  73  5:08  SCV, Supply Depot  
  73  5:09  Combat Shield  
  73  5:14  Siege Tank  
  73  5:20  Marine x5  
  81  5:27  SCV  
  81  5:28  SCV  
  83  5:32  Refinery  
  83  5:33  Supply Depot  
  83  5:35  Supply Depot  
  83  5:37  Marine  
  83  5:38  Marine x2  
  83  5:39  Marine x2  
  86  5:46  Siege Tank  
  86  5:47  Medivac  
  91  5:55  Medivac, Marine x3  
  96  5:57  Marine x2  
  97  6:10  Supply Depot  
  97  6:11  Supply Depot  
  97  6:13  Marine x3  
  97  6:15  Marine x2  
  102  6:19  Siege Tank  
  89  6:27  Medivac x2  
  89  6:31  Marine x3  
  93  6:35  Marine x2  
  95  6:49  Marine x3  
  95  6:52  Marine  
  95  6:53  Marine, Siege Tank  
  103  6:58  Barracks x2  
  103  7:04  Liberator  
  103  7:06  Marine  
  103  7:07  Marine x2  
  103  7:08  Liberator  
  112  7:10  Marine  
  112  7:11  Supply Depot, Marine  
  114  7:24  Marine  
  114  7:25  Marine  
  114  7:26  Siege Tank  
  119  7:35  Supply Depot, Marine x3  
  122  7:42  Marine x2  
  124  7:51  Marine x2  
  128  7:53  Marine x3  
Tags
 
Add a new tag
Caveats
  • Supply blocks, unpowered buildings, or Contaminate may cause inaccurate times.
  • Supply counts are checked every 10 seconds.